 Dungeon Crawl Stone Soup version 0.27-a0-1416-g941b2bd30b (webtiles) character file.

Game seed: 7426335957322925973

71367 robertstho the Eclecticist (level 15, -5/107 HPs)
             Began as a Djinni Fire Elementalist on July 1, 2021.
             Was an Initiate of Gozag.
             Slain by Rupert (24 damage)
             ... while paralysed by Rupert
             ... on level 2 of the Orcish Mines.
             The game lasted 00:58:34 (35270 turns).

robertstho the Eclecticist (DjFE)                  Turns: 35270, Time: 00:58:35

Health: -5/107     AC:  9    Str: 13    XL:     15   Next: 81%
Gold:   4562       EV:  2    Int: 23    God:    Gozag SH:  0 Dex: 14

rFire    + + .     SeeInvis .   a - +3 rapier of Past Mistakes {vamp, Str+6}
rCold    x . .     Faith    .   (no shield)
rNeg     + . .     Spirit   .   S - +2 robe {rN+}
rPois    ∞         Reflect  .   L - +2 hat
rElec    +         Harm     .   q - scarf {repulsion}
rCorr    +         Rampage  .   J - +2 pair of gloves
Will     +....                  (boots unavailable)
Stlth    +++.......             (no amulet)
HPRegen  0.27/turn              R - ring of resist corrosion
MPRegen  0.00/turn              T - ring "Cofeumun" {Wiz rElec}

@: paralysed, gold aura, flying, repel missiles
A: sickness immunity, fire resistance 2, cold vulnerability 1, float, innate
caster, hp casting, extra vitality 1
a: Renounce Religion, Potion Petition, Call Merchant, Bribe Branch


You were on level 2 of the Orcish Mines.
You worshipped Gozag.
Gozag was most pleased with you.
You visited 4 branches of the dungeon, and saw 22 of its levels.
You visited 1 bazaar.
You also visited: Bailey.

You collected 6573 gold pieces.
You spent 1433 gold pieces at shops.
You paid 578 gold pieces to Gozag.

Inventory:

Hand Weapons
 a - the +3 rapier of Past Mistakes (weapon) {vamp, Str+6}
   (You bought it in a shop in a bazaar)

   It inflicts no extra harm, but heals its wielder when it wounds a living foe.
   Str:       It affects your strength (+6).
 l - a +2 trident of venom
 y - a +6 mace of holy wrath
 B - a +1 trident of protection
 M - the +7 whip "Glorpo" {holy, *Rage rElec Str+4 SInv}
   (You found it on level 9 of the Dungeon)

   It has been blessed by the Shining One to cause great damage to the undead
   and demons.
   Str:       It affects your strength (+4).
   rElec:     It insulates you from electricity.
   SInv:      It lets you see invisible.
   *Rage:     It may make you go berserk in combat.
Armour
 q - a scarf of repulsion (worn)
 J - a +2 pair of gloves (worn)
 L - a +2 hat (worn)
 S - a +2 robe of positive energy (worn)
Jewellery
 c - a +4 ring of protection
 i - a +4 ring of evasion
 n - a ring of fire
 C - a ring of protection from cold
 D - a +6 ring of intelligence
 N - a ring of willpower
 P - a +4 ring of evasion
 R - a ring of resist corrosion (left hand)
 T - the ring "Cofeumun" (right hand) {Wiz rElec}
   (You found it on level 13 of the Dungeon)

   [ring of wizardry]

   It improves your spell success rate.
   rElec:     It insulates you from electricity.
 U - a ring of protection from fire
 V - a ring of ice
Wands
 o - a wand of acid (7)
 p - a wand of charming (3)
 t - a wand of paralysis (6)
 u - a wand of flame (17)
 A - a wand of digging (3)
 F - a wand of iceblast (19)
 K - a wand of mindburst (12)
Scrolls
 d - 4 scrolls of identify
 g - 4 scrolls of vulnerability
 j - 6 scrolls of teleportation
 m - 2 scrolls of enchant armour
 v - 4 scrolls of enchant weapon
 w - a scroll of fog
 x - 2 scrolls of summoning
 E - a scroll of fear
 G - a scroll of magic mapping
 H - 2 scrolls of holy word
 O - 2 scrolls of silence
Potions
 e - 2 potions of attraction
 f - 16 potions of curing
 h - 2 potions of heal wounds
 k - 4 potions of lignification
 r - 6 potions of haste
 s - 4 potions of might
 z - a potion of brilliance
 Q - a potion of ambrosia
 W - 2 potions of mutation
Miscellaneous
 b - a lightning rod (4/4)
 X - a box of beasts


   Skills:
 * Level 10.2 Fighting
 + Level 0.7 Short Blades
 + Level 4.9 Polearms
 + Level 5.3 Dodging
 + Level 5.0 Stealth
 * Level 17.0 Spellcasting
 + Level 0.7 Evocations


You had 7 spell levels left.
You knew the following spells:

 Your Spells              Type           Power      Damage    Failure   Level
a - Foxfire               Conj/Fire      100%       2x1d9     0%          1
b - Conjure Flame         Conj/Fire      78%        6-21      0%          3
c - Inner Flame           Hex/Fire       78%        N/A       0%          3
d - Sticky Flame          Conj/Fire      78%        2d9       1%          4
e - Fireball              Conj/Fire      39%        3d16      1%          5
f - Corona                Hex            86%        N/A       0%          1
g - Slow                  Hex            78%        N/A       0%          2
h - Tukima's Dance        Hex            78%        N/A       0%          3
i - Mephitic Cloud        Conj/Pois/Air  78%        N/A       0%          3
j - Bolt of Magma         Conj/Fire/Erth 39%        4d17      1%          5
k - Lee's Rapid Deconstr  Erth           39%        3d20*     1%          5
l - Starburst             Conj/Fire      39%        8x6d11    1%          6
Your spell library was empty.

Dungeon Overview and Level Annotations

Branches:
Dungeon (13/15)            Temple (1/1) D:6            Lair (6/6) D:10
 Shoals (0/4) Lair:2       Spider (0/4) Lair:3        Slime (0/5) Lair:5
    Orc (2/2) D:11         Bailey (visited)
    Elf: Orc:2       Vaults: D:13-14

Altars:
Ashenzari
Cheibriados
Dithmenos
Elyvilon
Fedhas
Gozag
Hepliaklqana
Kikubaaqudgha
Makhleb
Nemelex Xobeh
Okawaru
Qazlal
Ru
Sif Muna
Trog
Uskayaw
Vehumet
Wu Jian
Xom
Yredelemnul
Zin
The Shining One
Beogh
Jiyva

Shops:
D:4 *   D:8 *   D:9 ?   D:13 *

Annotations:
Lair:2 1 runed translucent door, Pegaph's ghost, journeyman PaAM
Orc:2 Rupert


Innate Abilities, Weirdness & Mutations

You are immune to sickness and miasma.
You are immune to poison.
Your flesh is very heat resistant. (rF++)
You are vulnerable to cold. (rC-)
You float through the air rather than walking.
You learn spells naturally, not from books.
Your magical power is your life essence.
You have superior vitality. (+4 HP)


Message History

Press: ? - help, Shift-Dir - straight line, f/p - Rupert
Aim: Rupert, wielding a +4 great mace of holy wrath and wearing a +0 ring mail (moderately wounded, unaware, hasn't noticed you)
The fireball explodes!
The fireball engulfs Rupert!!
Rupert is severely wounded.
Rupert is no longer distracted by gold.
Rupert shouts!
An ogre comes into view. It is wielding a +0 giant club.
Rupert is distracted by your dazzling golden aura.
The ogre is distracted by your dazzling golden aura.
Casting: Fireball (safe; 1% risk of failure)
Confirm with . or Enter, or press ? or * to list all spells.
Aiming: Fireball (safe; 1% risk of failure)
Press: ? - help, Shift-Dir - straight line, f/p - Rupert
Aim: Rupert, wielding a +4 great mace of holy wrath and wearing a +0 ring mail (severely wounded, unaware, hasn't noticed you)
The fireball explodes!
The fireball engulfs Rupert!!
Rupert is almost dead.
Rupert is no longer distracted by gold.
Rupert shouts!
The ogre shouts!
You hear two shouts!
The ogre is no longer distracted by gold.
Rupert roars wildly at you.
You suddenly lose the ability to move!
Something hits you.
The ogre is distracted by your dazzling golden aura.
Rupert roars wildly at you. You resist with significant effort.
A two-headed ogre comes into view. It is wielding two +0 giant clubs.
Something hits you.
A two-headed ogre comes into view. It is wielding two +0 giant clubs.
Something hits you but does no damage.
An ogre comes into view. It is wielding a +0 giant club.
Rupert roars madly and goes into a rage!
Rupert goes berserk!
Something hits you but does no damage.
The ogre is no longer distracted by gold.
The ogre hits you with a +0 giant club!!
Rupert hits you with a +4 great mace of holy wrath!
* * * LOW HITPOINT WARNING * * *
Something hits you but does no damage.
Rupert hits you with a +4 great mace of holy wrath!!
You die...
Your body crumbles into a pile of gold.

......... .....
......O.$##.....
.#..$...O...$.$..
...$.....O..O$...
..$..........$$..
..$..........$#..
..........O....##
........@@.......
.................
..#...<.........
#.$..............
...$.............
.................
................#
.................
#.#.............


You could see Rupert (berserk), 2 two-headed ogres and 3 ogres.

Vanquished Creatures
  Gastronok (D:9)
  Snorg (D:13)
  2 fire dragons (Lair:6)
  Erolcha (D:12)
  Harold (D:7)
  14 hydras
  A catoblepas (Lair:2)
  A boulder beetle (D:12)
  A centaur warrior (D:13)
  7 two-headed ogres
  The ghost of Pottery the Fighter, a novice GnWn of Okawaru (D:9)
  A tengu warrior (D:13)
  Nergalle (D:11)
  An orange crystal statue (D:13)
  A swamp dragon (Lair:6)
  3 lindwurms (Lair:6)
  2 cyclopes
  A deep elf pyromancer (D:13)
  An oklob plant (Lair:6)
  An ugly thing (D:13)
  5 elephants (Lair:6)
  Joseph (D:7)
  6 black mambas
  6 torpor snails
  2 molten gargoyles (Lair:4)
  4 gargoyles
  14 cane toads
  An unseen horror (D:12)
  A kobold demonologist (D:10)
  2 rime drakes (Lair:6)
  6 trolls
  9 komodo dragons
  A queen bee (shapeshifter) (D:11)
  8 hornets
  3 tyrant leeches (Lair:6)
  8 polar bears
  18 blink frogs
  A snapping turtle (Lair:2)
  A water elemental (D:12)
  3 redbacks (Lair:3)
  A shadow (D:7)
  A wyvern (D:10)
  A vampire (D:12)
  8 basilisks
  30 yaks
  A wraith (D:9)
  2 vampire mosquitoes (D:11)
  Grum (D:10)
  4 steam dragons (Lair:6)
  A warg (Orc:2)
  4 swamp worms (Lair:4)
  Duvessa (D:7)
  18 water moccasins
  A swamp drake (Lair:6)
  3 black bears
  18 orc warriors
  5 ice beasts
  4 sky beasts
  3 necrophages
  21 wolves
  11 centaurs
  4 kobold brigands
  12 bullfrogs
  2 gnoll sergeants
  3 scorpions
  Dowan (D:7)
  11 wights
  2 oklob saplings (D:10)
  10 killer bees
  An electric eel (Lair:2)
  5 lava snakes (Lair:4)
  2 centaur zombies
  A bullfrog zombie (D:5)
  4 hounds
  2 jellies (D:5)
  4 orc priests
  3 bullfrog skeletons
  2 centaur skeletons
  2 gnoll shamans
  3 iron imps (D:3)
  10 iguanas
  Natasha (D:4)
  23 orc wizards
  2 killer bee zombies
  2 howler monkey zombies
  Robin (D:4)
  A howler monkey skeleton (D:7)
  13 gnolls
  11 adders
  A shadow imp (D:6)
  2 white imps (D:7)
  A worm (D:4)
  3 dart slugs
  51 orcs
  6 bats
  3 endoplasms
  4 giant cockroaches
  11 hobgoblins
  2 jackals (D:1)
  8 quokkas
  13 ball pythons
  2 frilled lizards
  28 goblins
  46 kobolds
  8 rats
  A bush (Lair:6)
  A butterfly (Lair:2)
611 creatures vanquished.

Vanquished Creatures (collateral kills)
  Edmund (D:4)
  An orc (D:4)
  5 foxfires (D:2)
7 creatures vanquished.

Vanquished Creatures (others)
  A dancing weapon (D:7)
  710 foxfires
  27 fungi
  100 plants
  2 withered plants (Lair:2)
840 creatures vanquished.

Grand Total: 1458 creatures vanquished

Notes
Turn   | Place    | Note
-------+----------+-------------------------------------------
     0 | D:1      | robertstho the Djinni Fire Elementalist began the quest for
                  | the Orb.
     0 | D:1      | Reached XP level 1. HP: 15/15 MP: 0/0
   375 | D:1      | Reached XP level 2. HP: 15/22 MP: 0/0
  1038 | D:1      | Reached skill level 3 in Spellcasting
  1038 | D:1      | Reached XP level 3. HP: 25/26 MP: 0/0
  1038 | D:1      | Learned a level 1 spell: Corona
  1402 | D:1      | Reached skill level 1 in Fighting
  2245 | D:2      | Reached XP level 4. HP: 30/32 MP: 0/0
  2388 | D:2      | Found a faded altar of an unknown god.
  2789 | D:3      | Noticed a sky beast
  2801 | D:3      | Killed a sky beast
  2802 | D:3      | Reached skill level 4 in Spellcasting
  2802 | D:3      | Reached XP level 5. HP: 12/37 MP: 0/0
  2802 | D:3      | Learned a level 2 spell: Slow
  3054 | D:3      | Noticed a water moccasin
  3080 | D:3      | Killed a water moccasin
  3081 | D:3      | Reached XP level 6. HP: 29/43 MP: 0/0
  3621 | D:3      | Found a burning altar of Makhleb.
  3990 | D:4      | Reached skill level 5 in Spellcasting
  4243 | D:4      | Noticed a necrophage
  4248 | D:4      | Killed a necrophage
  4249 | D:4      | Reached XP level 7. HP: 44/49 MP: 0/0
  4249 | D:4      | Learned a level 3 spell: Tukima's Dance
  4331 | D:4      | Noticed Natasha
  4335 | D:4      | Killed Natasha
  4510 | D:4      | Found Hoam Lul's Assorted Antiques.
  4518 | D:4      | Bought a scroll labelled QUVUD VOSUIPRA for 30 gold pieces
  4518 | D:4      | Bought a scroll labelled OMAPLOSEUB for 30 gold pieces
  4518 | D:4      | Bought a scroll labelled GOASEG BOSAIN for 30 gold pieces
  4518 | D:4      | Bought a scroll labelled QUVUD VOSUIPRA for 30 gold pieces
  4523 | D:4      | Noticed Robin
  4526 | D:4      | Killed Robin
  4895 | D:4      | Noticed Edmund
  4905 | D:4      | Killed Edmund
  4906 | D:4      | Reached skill level 6 in Spellcasting
  5046 | D:3      | Reached XP level 8. HP: 49/55 MP: 0/0
  5437 | D:5      | Entered Level 5 of the Dungeon
  5512 | D:5      | Reached skill level 1 in Polearms
  6830 | D:5      | Reached XP level 9. HP: 35/62 MP: 0/0
  6830 | D:5      | Learned a level 3 spell: Mephitic Cloud
  7325 | D:6      | Found a staircase to the Ecumenical Temple.
  7362 | Temple   | Entered the Ecumenical Temple
  7425 | Temple   | Became a worshipper of Gozag Ym Sagoz the Greedy
  7791 | D:6      | Reached skill level 7 in Spellcasting
  8393 | D:7      | Noticed Harold
  8430 | D:7      | Reached skill level 5 in Fighting
  8479 | D:7      | Noticed an efreet
  8536 | D:7      | Noticed Joseph
  8589 | D:7      | Found a flagged portal.
  8605 | Bailey   | Entered a bailey
  9054 | Bailey   | Reached XP level 10. HP: 40/70 MP: 0/0
  9056 | Bailey   | Reached skill level 8 in Spellcasting
  9393 | D:7      | Noticed Duvessa
  9397 | D:7      | Noticed Dowan
  9400 | D:7      | Killed Dowan
  9431 | D:7      | Killed Joseph
  9436 | D:7      | Killed Duvessa
  9880 | D:8      | Reached skill level 9 in Spellcasting
 10467 | D:8      | Found Cigic's Assorted Antiques.
 10472 | D:8      | Bought a copper ring for 130 gold pieces
 10472 | D:8      | Bought a steel ring for 130 gold pieces
 10472 | D:8      | Bought a silvery potion for 23 gold pieces
 10472 | D:8      | Bought a fizzy pink potion for 23 gold pieces
 10472 | D:8      | Bought a scroll labelled DICOFFEQAI for 26 gold pieces
 10472 | D:8      | Bought a blackened gold wand for 104 gold pieces
 10472 | D:8      | Bought a wand of iceblast (2) for 104 gold pieces
 11558 | D:7      | Noticed a gargoyle
 11570 | D:7      | Killed a gargoyle
 11784 | D:7      | Reached XP level 11. HP: 66/76 MP: 0/0
 11784 | D:7      | Learned a level 5 spell: Bolt of Magma
 11816 | D:7      | Noticed a cyclops
 11826 | D:7      | Killed a cyclops
 11856 | D:7      | Reached skill level 10 in Spellcasting
 12831 | D:7      | Killed Harold
 13732 | D:9      | Found a runed translucent gate.
 13732 | D:9      | Found a runed translucent gate.
 13732 | D:9      | Found a runed translucent gate.
 13744 | D:9      | Noticed Pottery's ghost (novice GnWn)
 14100 | D:9      | Noticed Gastronok
 14109 | D:9      | Killed Gastronok
 14110 | D:9      | Reached skill level 11 in Spellcasting
 14143 | D:9      | Identified the +7 whip "Glorpo" {holy, *Rage rElec Str+4
                  | SInv}
 14752 | D:9      | Killed Pottery's ghost
 14864 | D:9      | Bought a scroll of identify for 30 gold pieces
 14864 | D:9      | Bought a scroll of identify for 30 gold pieces
 14864 | D:9      | Bought a scroll of identify for 30 gold pieces
 14864 | D:9      | Bought a scroll of silence for 112 gold pieces
 14864 | D:9      | Bought a scroll of teleportation for 45 gold pieces
 14887 | D:10     | Entered Level 10 of the Dungeon
 14887 | D:10     | Noticed a two-headed ogre
 14889 | D:10     | Reached XP level 12. HP: 79/84 MP: 0/0
 14891 | D:10     | Killed a two-headed ogre
 15882 | D:10     | Reached skill level 12 in Spellcasting
 15910 | D:10     | Noticed Grum
 16246 | D:10     | Killed Grum
 16252 | D:10     | Found a staircase to the Lair.
 16498 | D:10     | Identified the +1 plate armour of the Ward {rC++ SInv}
 17591 | D:11     | Noticed a four-headed hydra
 17595 | D:11     | Killed a four-headed hydra
 17783 | D:11     | Found a staircase to the Orcish Mines.
 17802 | D:11     | Noticed Nergalle
 17807 | D:11     | Killed Nergalle
 19037 | D:12     | Reached skill level 13 in Spellcasting
 19037 | D:12     | Reached XP level 13. HP: 62/92 MP: 0/0
 19037 | D:12     | Learned a level 5 spell: Lee's Rapid Deconstruction
 19552 | D:12     | Noticed a boulder beetle
 19558 | D:12     | Killed a boulder beetle
 20260 | D:12     | Noticed Erolcha
 20263 | D:12     | Killed Erolcha
 20592 | D:13     | Noticed Snorg
 20596 | D:13     | Killed Snorg
 20833 | D:13     | Reached skill level 14 in Spellcasting
 20890 | D:13     | Identified the ring "Cofeumun" {Wiz rElec}
 20989 | D:13     | Found Poyt's General Store.
 20995 | D:13     | Bought a potion of curing for 45 gold pieces
 20995 | D:13     | Bought a potion of haste for 150 gold pieces
 21106 | D:13     | Found a gateway to a bazaar.
 21143 | Bazaar   | Entered a bazaar
 21143 | Bazaar   | Found Kieluuqu's Antique Weapon Shop.
 21143 | Bazaar   | Found Voisicve's General Store.
 21174 | Bazaar   | Bought a scroll of identify for 20 gold pieces
 21174 | Bazaar   | Bought a potion of might for 40 gold pieces
 21174 | Bazaar   | Bought a potion of degeneration for 10 gold pieces
 21219 | Bazaar   | Found Xitamops's Antique Armour Shop.
 21240 | Bazaar   | Bought an ancient rapier for 261 gold pieces
 21240 | Bazaar   | Identified the +3 rapier of Past Mistakes {vamp, Str+6}
                  | (You bought it in a shop in a bazaar)
 21383 | D:13     | Noticed a centaur warrior
 21387 | D:13     | HP: 2/93 [centaur warrior/arrow (16)]
 21395 | D:13     | Killed a centaur warrior
 21741 | D:13     | Noticed a boulder beetle
 21741 | D:13     | Noticed a seven-headed hydra
 21745 | D:13     | Killed a seven-headed hydra
 21843 | Lair:1   | Entered Level 1 of the Lair of Beasts
 22756 | Lair:2   | Noticed a seven-headed hydra
 22760 | Lair:2   | Killed a seven-headed hydra
 23204 | Lair:2   | Found a white marble altar of Elyvilon.
 23273 | Lair:2   | Reached XP level 14. HP: 88/99 MP: 0/0
 23628 | Lair:2   | Found a runed translucent door.
 23628 | Lair:2   | Noticed Pegaph's ghost (journeyman PaAM)
 23909 | Lair:2   | Found a staircase to the Shoals.
 24940 | Lair:3   | Found a hole to the Spider Nest.
 24942 | Lair:3   | Reached skill level 15 in Spellcasting
 29106 | Lair:5   | Found a viscous altar of Jiyva.
 29107 | Lair:5   | Found a staircase to the Slime Pits.
 29351 | Lair:6   | Entered Level 6 of the Lair of Beasts
 29351 | Lair:6   | Found a bloodstained altar of Trog.
 29504 | Lair:6   | Reached skill level 5 in Dodging
 29512 | Lair:5   | Reached skill level 16 in Spellcasting
 29512 | Lair:5   | Reached XP level 15. HP: 21/106 MP: 0/0
 29512 | Lair:5   | Learned a level 6 spell: Starburst
 32053 | Lair:6   | Reached skill level 10 in Fighting
 32943 | Lair:6   | Found a runed translucent door.
 33183 | Lair:6   | Identified a scroll of acquirement
 33185 | Lair:6   | Acquired 760 gold pieces
 33493 | Lair:6   | Reached skill level 5 in Stealth
 34611 | Orc:1    | Entered Level 1 of the Orcish Mines
 34614 | Orc:1    | Reached skill level 17 in Spellcasting
 34946 | Orc:2    | Entered Level 2 of the Orcish Mines
 35258 | Orc:2    | Noticed Rupert
 35264 | Orc:2    | Paralysed by Rupert for 7 turns
 35270 | Orc:2    | Slain by Rupert

Illustrated notes

Levels and vault maps discovered:
D:1:      amcnicky_arrival_gap_in_the_tavern_cellar, layout_rooms
D:2:      layout_rooms, chequers_ecumenical_altar_lobes
D:3:      layout_basic, demons_altar, minmay_crystal_water, minmay_crystal_room
D:4:      minmay_wonky_spiral, layout_basic, serial_shops, shop, uniq_robin,
          uniq_edmund, uniq_natasha
D:5:      layout_basic, st_stairs_5
D:6:      layout_basic, minmay_temple_entry_statues
D:7:      nzn_winding_woodlands_stair_cross
          [nzn_winding_woodlands_5x15_pathside_ponds,
          nzn_winding_woodlands_center_diamonds,
          nzn_winding_woodlands_5x15_garden, nzn_winding_woodlands_5x5_three,
          nzn_winding_woodlands_5x5_closed_star,
          nzn_winding_woodlands_5x15_jagged,
          nzn_winding_woodlands_center_pierced_h,
          nzn_winding_woodlands_5x15_longhouse], layout_gridville,
          enter_bailey_5, uniq_harold, uniq_joseph, uniq_duvessa
D:8:      layout_rooms, serial_shops, nicolae_shop_overgrown_old_shop,
          minmay_misc_feat_rows, grunt_decor_clamped
D:9:      layout_grid_maze, ebering_ghost_rock_garden,
          chequers_serial_rivers_small_b, uniq_gastronok
D:10:     layout_big_octagon, minmay_lair_entry_grove, introduction_to_nature_1,
          uniq_grum
D:11:     layout_basic, minmay_orc_entry_temple_small,
          minmay_unpleasant_kobolds, uniq_nergalle
D:12:     layout_basic, fungi_pond_lemuel, uniq_erolcha
D:13:     layout_grid_maze, serial_shops, statue_bzr, kennysheep_little_box,
          shop, shop, minmay_variable_closet, minmay_quadrilaterals, uniq_snorg
Temple:   compressed_dpeg_circular_temple
Lair:1:   layout_roguey
Lair:2:   layout_regular_city, minmay_shoals_entry_hut, gammafunk_ghost_grave,
          basic_altar, serial_bayou_ford_a, minivault_23, lemuel_fruit_fields
Lair:3:   layout_hall_layers, spider_nest_entry_webs
Lair:4:   cheibrodos_magma_flow, layout_cave_pods, worms_lemuel
Lair:5:   layout_gridlike, slime_altar_1, cheibrodos_lair_lostbears
Lair:6:   guppyfry_lair_end_dragon, layout_regular_city, wormcave,
          chequers_serial_rivers_small_b, lemuel_oklob_altar, grunt_megastairs_5
Orc:1:    layout_caves, basic_altar
Orc:2:    st_orc_ogre_mass, layout_caves, ebering_ghost_disaster_area,
          nicolae_shop_self_help, uniq_rupert

Skill      XL: |  1  2  3  4  5  6  7  8  9 10 11 12 13 14 15 |
---------------+----------------------------------------------+-----
Spellcasting   | 3 4 5 6 7 9 11 13 14 16 17 | 17.0
Fighting       | 1 2 4 5 6 7 8 9 10 | 10.2
Stealth        | 2 3 4 5 |  5.0
Polearms       | 3 4 |  4.9
Dodging        | 3 4 5 |  5.3
Short Blades   | |  0.7
Evocations     | |  0.7

Action                   |  1- 3 |  4- 6 |  7- 9 | 10-12 | 13-15 || total
-------------------------+-------+-------+-------+-------+-------++-------
Melee: Short sword       |     1 |    10 |       |       |       ||    11
       Trident           |       |       |   141 |    15 |       ||   156
       Whip              |       |       |       |       |     1 ||     1
       Rapier            |       |       |       |       |    27 ||    27
 Cast: Foxfire           |   124 |   137 |   111 |    35 |     3 ||   410
       Slow              |       |     3 |       |       |       ||     3
       Sticky Flame      |       |       |    21 |    21 |    29 ||    71
       Tukima's Dance    |       |       |     1 |     4 |     1 ||     6
       Fireball          |       |       |    11 |   213 |   239 ||   463
       Conjure Flame     |       |       |       |     2 |       ||     2
       Bolt of Magma     |       |       |       |    18 |    47 ||    65
       Lee's Rapid Decon |       |       |       |       |   135 ||   135
       Mephitic Cloud    |       |       |       |       |     3 ||     3
       Starburst         |       |       |       |       |     5 ||     5
Invok: Call Merchant     |       |       |       |     1 |       ||     1
Evoke: Wand              |       |       |       |       |    11 ||    11
  Use: Scroll            |       |       |    10 |     6 |    10 ||    26
       Potion            |       |       |       |       |     7 ||     7
 Stab: Sleeping          |       |       |     6 |       |       ||     6
Armor: Robe              |     1 |     9 |    55 |    30 |    40 ||   135
Dodge: Dodged            |     2 |    22 |   126 |    88 |    79 ||   317
       Repelled          |       |       |       |     5 |     3 ||     8

Table legend: (Time is in decaauts)
 A = Elapsed time spent in this place.
 B = Non-inter-level travel time spent in this place.
 C = Inter-level travel time spent in this place.
 D = Time resting spent in this place.
 E = Time spent auto-exploring this place.
 F = Levels seen in this place.
 G = Mean time per level.
                   A        B        C        D        E       F      G
               +--------+--------+--------+--------+--------+-----+--------+
         Total |  35344 |  34329 |   1015 |   4774 |  26185 |  24 | 1472.7 |
       Dungeon |  20968 |  20324 |    644 |   2463 |  15584 |  13 | 1612.9 |
        Temple |     73 |     63 |     10 |      0 |     55 |   1 |   73.0 |
          Lair |  12745 |  12408 |    337 |   1600 |   9995 |   6 | 2124.2 |
  Orcish Mines |    659 |    636 |     23 |    281 |    283 |   2 |  329.5 |
        Bazaar |    114 |    114 |      0 |      0 |     73 |   1 |  114.0 |
        Bailey |    781 |    781 |      0 |    430 |    195 |   1 |  781.0 |
               +--------+--------+--------+--------+--------+-----+--------+

Top non-repeatable levels by time:
  Lair:6: 3567 daAuts
  Lair:5: 3438 daAuts
     D:9: 2978 daAuts
     D:7: 1963 daAuts
     D:8: 1855 daAuts
     D:5: 1751 daAuts
     D:1: 1729 daAuts
  Lair:2: 1678 daAuts
  Lair:4: 1676 daAuts
    D:12: 1611 daAuts
    D:11: 1491 daAuts
  Lair:3: 1463 daAuts
     D:3: 1449 daAuts
    D:10: 1425 daAuts
     D:6: 1342 daAuts
